 Dungeon Crawl Stone Soup version 0.18.1-50-g88ac8fd (webtiles) character file.

60655 magog001 the Peltast (level 15, -17/141 HPs)
             Began as a Hill Orc Fighter on Aug 13, 2018.
             Was the Champion of Nemelex Xobeh.
             Demolished by a large slime creature (29 damage)
             ... on level 8 of the Lair of Beasts.
             The game lasted 02:18:17 (24453 turns).

magog001 the Peltast (Hill Orc Fighter)            Turns: 24453, Time: 02:18:18

Health: -17/141    AC: 15    Str: 29    XL:     15   Next: 0%
Magic:  0/17       EV: 10    Int: 10    God:    Nemelex Xobeh [******]
Gold:   1450       SH: 18    Dex: 15    Spells: 0 memorised, 14 levels left

rFire  + + .     SeeInvis +     A - +6 spear of Anger {freeze, Int-3 Dex+5}
rCold  x . .     Gourm    .     j - +2 fire dragon armour of Piolaf Ytuan {rF++ rC- rCorr}
rNeg   . . .     Faith    .     J - +2 shield of the Abyss {Str+3 Int+5}
rPois  +         Spirit   +     b - +2 hat
rElec  .         Dismiss  .     x - +2 cloak
rCorr  +         Reflect  .     (no gloves)
SustAt .         Harm     .     B - +2 pair of boots
MR     +....                    X - amulet of guardian spirit
Stlth  ..........               z - +2 ring of slaying
                                i - ring of resist corrosion

@: about to teleport, corroded, studying Fighting, somewhat resistant to hostile
enchantments, extremely unstealthy
A: see invisible, mutation resistance 1, poison resistance
a: Triple Draw, Deal Four, Stack Five, Renounce Religion


You were on level 8 of the Lair of Beasts.
You worshipped Nemelex Xobeh.
Nemelex Xobeh was exalted by your worship.
You were not hungry.

You visited 4 branches of the dungeon, and saw 20 of its levels.
You also visited: Labyrinth, Bailey and Ice Cave.

You collected 2106 gold pieces.
You spent 656 gold pieces at shops.

Inventory:

Hand Weapons
 A - the +6 spear of Anger (weapon) {freeze, Int-3 Dex+5}
   (You found it on level 6 of the Dungeon)

   It has been specially enchanted to freeze those struck by it, causing extra
   injury to most foes and up to half again as much damage against particularly
   susceptible opponents.
   It can also slow down cold-blooded creatures.
   It affects your intelligence (-3).
   It affects your dexterity (+5).
Missiles
 e - 6 javelins of penetration
 y - 3 exploding tomahawks (quivered)
Armour
 b - a +2 hat (worn)
 c - the +3 plate armour of Sloth {rF- Int+5}
   (You took it off a minotaur in a labyrinth)

   It affects your intelligence (+5).
   It makes you vulnerable to fire.
 j - the +2 fire dragon armour of Piolaf Ytuan (worn) {rF++ rC- rCorr}
   (You found it in a bailey)

   It greatly protects you from fire.
   It makes you vulnerable to cold.
   It protects you from acid and corrosion.
 x - a +2 cloak (worn)
 B - a +2 pair of boots (worn)
 J - the +2 shield of the Abyss (worn) {Str+3 Int+5}
   (You found it in a bailey)

   It affects your strength (+3).
   It affects your intelligence (+5).
Jewellery
 i - a ring of resist corrosion (left hand)
 z - a +2 ring of slaying (right hand)
 W - an uncursed ring of flight
 X - an amulet of guardian spirit (around neck)
Wands
 m - a wand of iceblast (5/15)
 r - a wand of flame (2/48)
 v - a wand of disintegration (0/24)
 F - a wand of acid (1/15)
 I - a wand of iceblast (6/15)
 N - a wand of digging (4/24)
 S - a wand of flame (15/48)
 U - a wand of lightning (3/15)
 Y - a wand of flame (7/48)
Scrolls
 h - 5 scrolls of remove curse
 p - 2 scrolls of identify
 t - 2 scrolls of magic mapping
 E - a scroll of blinking
 R - 4 scrolls of teleportation
 V - 2 scrolls of enchant armour
Potions
 d - 4 potions of invisibility
 l - a potion of flight
 n - 2 potions of haste
 q - 2 potions of curing
 M - 3 potions of might
Books
 a - a manual of Fighting
Miscellaneous
 g - an ornate deck of destruction
 o - an ornate deck of escape
 u - a plain deck of summoning {drawn: 10}
 w - a phial of floods
 C - a legendary deck of war
 D - a plain deck of changes {drawn: 1}
 G - a plain deck of destruction
 H - a disc of storms
 L - a legendary deck of destruction
 O - an ornate deck of destruction {drawn: 6}
 P - an ornate deck of war
 Q - a plain deck of wonders {Dowsing}
 T - a legendary deck of war
 Z - a sack of spiders {used: 2}
Comestibles
 f - 11 bread rations
 s - 6 slices of pizza
 K - 25 fruits


   Skills:
 * Level 15.2 Fighting
   Level 3.0(9.7) Axes
 * Level 11.9(12.0) Polearms
   Level 1.0 Slings
 * Level 12.6 Armour
 - Level 1.7 Stealth
 + Level 17.9 Shields
 + Level 3.4 Evocations


You had 14 spell levels left.
You didn't know any spells.

Dungeon Overview and Level Annotations

Branches:
Dungeon (10/15)            Temple (1/1) D:4            Lair (8/8) D:10
 Shoals (0/4) Lair:6       Spider (0/4) Lair:5        Slime (1/6) Lair:8
    Orc: D:9-12

Altars:
Ashenzari
Cheibriados
Dithmenos
Elyvilon
Fedhas
Gozag
Kikubaaqudgha
Makhleb
Nemelex Xobeh
Okawaru
Pakellas
Qazlal
Ru
Sif Muna
Trog
Vehumet
Xom
Yredelemnul
Zin
The Shining One

Shops:
D:5 %   D:7 (   D:9 =!*


Innate Abilities, Weirdness & Mutations

You have supernaturally acute eyesight.
You are somewhat resistant to further mutation.
Your system is resistant to poisons.


Message History

The iron dragon tramples you but does no damage.
You block the slime creature's attack.
There is a stone staircase leading up here.
The iron dragon breathes metal splinters at you.
The spray of metal splinters hits you!
* * * LOW HITPOINT WARNING * * *
Two slime creatures merge to form a large slime creature.
Drink which item? (? for menu, Esc to quit)
You feel better.
Drink which item? (? for menu, Esc to quit)
You feel better. The large slime creature hits you!
* * * LOW HITPOINT WARNING * * *
Drink which item? (? for menu, Esc to quit)
You feel better.
You block the large slime creature's attack.
Read which item? (? for menu, Esc to quit)
As you read the scroll of teleportation, it crumbles to dust.
You feel strangely unstable. The large slime creature hits you!!
You die...
Your body glows with a rainbow of weird colours and disappears.

.................## ##.........
..###..........P## #..........
.## #...........# ###........ ##
##.#....<..#.# ##.......
##........### #########....
##........## ###.#.## ###..
##P.........###.#..#.#####...
#..P.....#DJ#.##.......P##.P.
##P[...#####@###.####...P.P..
##....##...........##.......
#...##.#....#...#..#.#.....
##..##.......#.....###.....
###...........#.#...##.... ##
###.......#.#.......#.....
.#######.##.....#..........##....
P..##.###.....#....#..#....#.....
..#.....##.....#.......#...#....P


You could see an iron dragon and a large slime creature.

Vanquished Creatures
  The ghost of magog001 the Peltast, a journeyman MiFi of Nemelex Xobeh (Lair:6)
  A minotaur (Lab)
  Snorg (Lair:3)
  An ice dragon (IceCv)
  5 hydras
  Erica (D:9)
  A queen ant (Lair:8)
  3 orc knights (Bailey)
  A lindwurm (D:9)
  A hill giant (D:10)
  An oklob plant (D:9)
  A griffon (Lair:4)
  2 wolf spiders (Lair:8)
  2 ice statues (IceCv)
  27 elephants
  A guardian serpent (Lair:8)
  9 black mambas
  15 spiny frogs
  2 torpor snails
  2 rime drakes
  6 komodo dragons
  The ghost of pedritolo the Archer, an amateur CeHu of Ashenzari (D:7)
  A polar bear (Lair:7)
  A two-headed ogre (D:6)
  27 blink frogs
  A boulder beetle (Lair:6)
  A snapping turtle (Lair:6)
  2 redbacks
  8 wyverns
  32 yaks
  3 basilisks
  Grum (Lair:1)
  4 hippogriffs
  A hungry ghost (D:8)
  21 water moccasins
  8 porcupines
  10 soldier ants (Lair:8)
  7 orc warriors
  16 ice beasts
  A sky beast (D:8)
  2 black bears
  6 wasps
  7 ogres
  3 phantoms
  12 wolves
  2 centaurs
  14 crocodiles
  A big kobold (D:9)
  17 giant frogs
  A wyvern skeleton (D:10)
  5 scorpions
  3 electric eels
  2 lava snakes (D:9)
  A giant frog zombie (D:6)
  A centaur zombie (D:7)
  A crimson imp (D:9)
  4 giant frog skeletons
  2 jellies
  A hound (D:7)
  3 orc priests
  A centaur skeleton (D:4)
  8 iguanas
  An orc wizard (D:6)
  2 hell rats (Lair:3)
  47 worker ants
  A killer bee zombie (D:5)
  26 sheep
  3 hound skeletons
  A worker ant zombie (D:5)
  13 gnolls
  A howler monkey skeleton (D:7)
  18 adders
  67 river rats
  A shadow imp (D:5)
  2 adder skeletons
  A worm (D:2)
  2 dart slugs (D:1)
  8 giant geckos
  28 orcs
  2 ball pythons (D:1)
  19 bats
  4 giant cockroaches
  10 goblins
  2 hobgoblins
  10 jackals
  6 quokkas
  A giant cockroach zombie (D:6)
  A giant gecko skeleton (D:4)
  A giant gecko zombie (D:6)
  9 giant newts
  A jackal skeleton (D:6)
  A jackal zombie (D:7)
  7 kobolds
  A quokka zombie (D:5)
  17 rats
  2 fungi
  5 plants
648 creatures vanquished.

Vanquished Creatures (collateral kills)
  An ice dragon (IceCv)
  An obsidian statue (D:10)
  2 elephants (Lair:1)
  A water moccasin (D:10)
  A porcupine (Lair:1)
  5 sheep (Lair:1)
  A river rat (Lair:8)
12 creatures vanquished.

Vanquished Creatures (others)
  A bush (Lair:8)
  53 fungi
  38 plants
92 creatures vanquished.

Grand Total: 752 creatures vanquished

Notes
Turn   | Place    | Note
--------------------------------------------------------------
     0 | D:1      | magog001 the Hill Orc Fighter began the quest for the Orb.
     0 | D:1      | Reached XP level 1. HP: 19/19 MP: 1/1
    59 | D:1      | Reached XP level 2. HP: 26/27 MP: 2/2
   715 | D:1      | Reached XP level 3. HP: 33/33 MP: 3/3
   877 | D:2      | Reached skill level 4 in Shields
  1251 | D:2      | Reached XP level 4. HP: 33/40 MP: 4/4
  1781 | D:3      | Found a bloodstained altar of Trog.
  2058 | D:3      | Found a burning altar of Makhleb.
  2058 | D:3      | Noticed a green death
  2061 | D:3      | Noticed a smoke demon
  2061 | D:3      | Noticed a ynoxinul
  2138 | D:4      | Found a staircase to the Ecumenical Temple.
  2166 | D:4      | Reached XP level 5. HP: 35/47 MP: 5/5
  2443 | D:4      | Reached skill level 5 in Shields
  2456 | Temple   | Entered the Ecumenical Temple
  3717 | D:4      | Noticed an ogre
  3729 | D:4      | Killed an ogre
  3729 | D:4      | Reached skill level 5 in Armour
  3729 | D:4      | Reached XP level 6. HP: 4/53 MP: 6/6
  4158 | D:5      | Entered Level 5 of the Dungeon
  4167 | D:5      | Reached skill level 5 in Fighting
  4174 | D:5      | Reached skill level 6 in Shields
  4418 | D:5      | Reached XP level 7. HP: 61/61 MP: 7/7
  4875 | D:5      | Found an ancient bone altar of Kikubaaqudgha.
  4960 | D:5      | Found Tuaptol's Food Shop.
  5007 | D:4      | Reached skill level 7 in Shields
  5250 | D:5      | Reached XP level 8. HP: 11/71 MP: 8/8
  6554 | D:6      | Got a bloodstained spear
  6555 | D:6      | Identified the +6 spear of Anger {freeze, Int-3 Dex+5} (You found it on level 6 of the Dungeon)
  6822 | D:6      | Noticed a two-headed ogre
  6833 | D:6      | Killed a two-headed ogre
  6833 | D:6      | Reached skill level 8 in Shields
  7272 | D:7      | Found a white marble altar of Elyvilon.
  7368 | D:7      | Noticed pedritolo's ghost (amateur CeHu)
  7388 | D:7      | Killed pedritolo's ghost
  7388 | D:7      | Reached skill level 1 in Polearms
  7388 | D:7      | Reached XP level 9. HP: 79/79 MP: 9/9
  7438 | D:7      | Reached skill level 9 in Shields
  7568 | D:7      | Found a glowing golden altar of the Shining One.
  7748 | D:7      | Found Joafesala's Antique Weapon Boutique.
  7899 | D:8      | Found an opulent altar of Gozag.
  7903 | D:8      | Found a glowing silver altar of Zin.
  7923 | D:8      | Found a flagged portal.
  7956 | Bailey   | Entered a bailey
  8071 | Bailey   | Noticed an orc knight
  8178 | Bailey   | Noticed an orc knight
  8179 | Bailey   | Noticed an orc knight
  8182 | Bailey   | Reached skill level 10 in Shields
  8204 | Bailey   | Killed an orc knight
  8204 | Bailey   | Reached XP level 10. HP: 81/88 MP: 10/10
  8216 | Bailey   | Killed an orc knight
  8216 | Bailey   | Reached skill level 11 in Shields
  8216 | Bailey   | Reached skill level 1 in Evocations
  8224 | Bailey   | Killed an orc knight
  8449 | Bailey   | Got a smoking fire dragon armour
  8453 | Bailey   | Got a dazzling shield
  8506 | Bailey   | Identified the +2 shield of the Abyss {Str+3 Int+5} (You found it in a bailey)
  8517 | Bailey   | Identified the +2 fire dragon armour of Piolaf Ytuan {rF++ rC- rCorr} (You found it in a bailey)
  8588 | D:8      | Found a sparkling altar of Nemelex Xobeh.
  8597 | D:8      | Became a worshipper of Nemelex Xobeh the Trickster
  8643 | D:8      | Received a gift from Nemelex Xobeh
  8873 | D:8      | Reached skill level 1 in Slings
  9156 | D:8      | Found a deep blue altar of Sif Muna.
  9391 | D:9      | Reached * piety under Nemelex Xobeh
  9577 | D:9      | Found Hothrecw's General Store.
  9641 | D:9      | Received a gift from Nemelex Xobeh
  9648 | D:9      | Bought a beef jerky for 22 gold pieces
  9648 | D:9      | Bought a potion of lignification for 45 gold pieces
  9648 | D:9      | Bought a scroll of teleportation for 45 gold pieces
  9649 | D:9      | Noticed Erica
  9652 | D:9      | Found Umugorys's Distillery.
  9655 | D:9      | Bought a potion of curing for 33 gold pieces
  9655 | D:9      | Bought 2 potions of might for 88 gold pieces
  9655 | D:9      | Bought a potion of curing for 33 gold pieces
  9658 | D:9      | Reached skill level 12 in Shields
  9668 | D:9      | Killed Erica
  9668 | D:9      | Reached skill level 5 in Polearms
  9668 | D:9      | Reached skill level 1 in Stealth
  9806 | D:9      | Found a blossoming altar of Fedhas.
  9826 | D:9      | Noticed an oklob plant
  9880 | D:9      | Killed an oklob plant
 10145 | D:9      | Found Cediw's Jewellery Shoppe.
 10372 | D:9      | Reached XP level 11. HP: 95/95 MP: 12/12
 10658 | D:10     | Entered Level 10 of the Dungeon
 10847 | D:10     | Found a staircase to the Lair.
 10930 | D:10     | Noticed a hill giant
 10943 | D:10     | Killed a hill giant
 11045 | D:10     | Received a gift from Nemelex Xobeh
 11054 | D:10     | Reached ** piety under Nemelex Xobeh
 11271 | D:10     | Noticed an obsidian statue
 11304 | D:10     | Killed an obsidian statue
 11304 | D:10     | Reached skill level 13 in Shields
 11549 | D:9      | Bought an uncursed amulet of guardian spirit for 390 gold pieces
 11657 | D:9      | Noticed a lindwurm
 11678 | D:9      | Killed a lindwurm
 12523 | Lair:1   | Entered Level 1 of the Lair of Beasts
 12523 | Lair:1   | Received a gift from Nemelex Xobeh
 12655 | Lair:1   | Found a labyrinth entrance.
 12664 | Lab      | Entered a labyrinth
 12940 | Lab      | Received a gift from Nemelex Xobeh
 13020 | Lab      | Noticed a minotaur
 13041 | Lab      | Killed a minotaur
 13372 | Lab      | Got a heavily runed plate armour
 13384 | Lab      | Identified the +3 plate armour of Sloth {rF- Int+5} (You took it off a minotaur in a labyrinth)
 13450 | Lair:1   | Reached *** piety under Nemelex Xobeh
 13512 | Lair:1   | You fall through a shaft!
 13694 | Lair:1   | Reached skill level 10 in Fighting
 13715 | Lair:1   | Noticed an eight-headed hydra
 13927 | Lair:1   | Killed an eight-headed hydra
 13927 | Lair:1   | Reached skill level 14 in Shields
 13954 | Lair:1   | Reached XP level 12. HP: 59/106 MP: 9/14
 14343 | Lair:1   | Noticed Grum
 14366 | Lair:1   | Killed Grum
 14516 | Lair:1   | Reached skill level 10 in Armour
 15247 | Lair:2   | Reached skill level 15 in Shields
 15277 | Lair:2   | Received a gift from Nemelex Xobeh
 15384 | Lair:2   | Gained mutation: You are somewhat resistant to further mutation. [potion of beneficial mutation]
 15577 | Lair:2   | Reached **** piety under Nemelex Xobeh
 15885 | Lair:2   | Reached XP level 13. HP: 83/117 MP: 15/15
 16282 | Lair:3   | Reached skill level 16 in Shields
 16692 | Lair:3   | Noticed Snorg
 16704 | Lair:3   | Killed Snorg
 17015 | Lair:3   | Received a gift from Nemelex Xobeh
 17396 | Lair:4   | Reached ***** piety under Nemelex Xobeh
 17396 | Lair:4   | Received a gift from Nemelex Xobeh
 17458 | Lair:4   | Found a frozen archway.
 17501 | IceCv    | Entered an ice cave
 18260 | IceCv    | Noticed an ice dragon
 18260 | IceCv    | Noticed an ice dragon
 18645 | IceCv    | Killed an ice dragon
 18665 | IceCv    | Gained mutation: You have supernaturally acute eyesight. [potion of mutation]
 18665 | IceCv    | Gained mutation: Your system is resistant to poisons. [potion of mutation]
 18712 | IceCv    | Killed an ice dragon
 18893 | Lair:4   | Received a gift from Nemelex Xobeh
 19371 | Lair:4   | Received a gift from Nemelex Xobeh
 19857 | Lair:5   | Found a hole to the Spider Nest.
 19863 | Lair:5   | Reached skill level 10 in Polearms
 20065 | Lair:5   | Received a gift from Nemelex Xobeh
 20127 | Lair:5   | Identified a +0 rod of shadows (13/13) (You found it on level 5 of the Lair of Beasts)
 20546 | Lair:6   | Reached XP level 14. HP: 130/130 MP: 16/16
 20575 | Lair:6   | Found a staircase to the Shoals.
 20894 | Lair:6   | Noticed magog001's ghost (journeyman MiFi)
 20964 | Lair:6   | Killed magog001's ghost
 20969 | Lair:6   | Reached skill level 17 in Shields
 21472 | Lair:6   | Received a gift from Nemelex Xobeh
 21891 | Lair:7   | Received a gift from Nemelex Xobeh
 22250 | Lair:8   | Entered Level 8 of the Lair of Beasts
 22250 | Lair:8   | Found a staircase to the Slime Pits.
 22490 | Lair:8   | Received a gift from Nemelex Xobeh
 22643 | Lair:8   | Reached ****** piety under Nemelex Xobeh
 23523 | Lair:8   | Reached skill level 15 in Fighting
 24255 | Lair:8   | Reached XP level 15. HP: 141/141 MP: 17/17
 24394 | Slime:1  | Entered Level 1 of the Pits of Slime
 24412 | Slime:1  | Noticed an acid blob
 24440 | Lair:8   | Noticed an iron dragon
 24440 | Lair:8   | an acid blob changed into an iron dragon
 24447 | Lair:8   | HP: 2/141 [iron dragon/spray of metal splinters (13)]
 24453 | Lair:8   | Demolished by a large slime creature

Skill      XL: |  1  2  3  4  5  6  7  8  9 10 11 12 13 14 |
---------------+-------------------------------------------+-----
Shields        | 4 5 6 7 8 10 12 14 15 16 17 | 17.9
Fighting       | 4 5 6 7 8 10 11 13 15 | 15.2
Armour         | 4 5 6 7 8 9 10 11 12 | 12.6
Axes           | 3 |  3.0
Polearms       | 1 4 5 6 8 10 11 | 11.9
Evocations     | 1 2 3 |  3.4
Slings         | 1 |  1.0
Stealth        | 1 |  1.7

Action                   |  1- 3 |  4- 6 |  7- 9 | 10-12 | 13-15 || total
-------------------------+-------+-------+-------+-------+-------++-------
Melee: War axe           |    97 |   252 |   196 |       |       ||   545
       Spear             |       |       |   182 |  1068 |  1762 ||  3012
 Fire: Hunting sling     |       |       |     7 |       |       ||     7
Evoke: Wand              |       |       |    13 |    18 |     8 ||    39
       Deck              |       |       |       |    12 |    10 ||    22
       Sack of spiders   |       |       |       |     2 |       ||     2
       Phantom mirror    |       |       |       |       |     1 ||     1
  Use: Scroll            |       |     2 |    11 |    16 |    13 ||    42
       Potion            |       |     8 |     1 |    10 |    13 ||    32
 Stab: Distracted        |       |       |       |     1 |       ||     1
       Invisible         |       |       |       |       |     2 ||     2
       Petrifying        |       |       |       |       |     1 ||     1
  Eat: Chunk             |     1 |     7 |     6 |     5 |       ||    19
       Meat ration       |       |     1 |       |     2 |     2 ||     5
       Fruit             |       |       |     1 |    10 |    10 ||    21
       Bread ration      |       |       |     1 |       |     2 ||     3
       Beef jerky        |       |       |       |     3 |     1 ||     4
       Pizza             |       |       |       |     1 |       ||     1
Armor: Scale mail        |    83 |   122 |    66 |       |       ||   271
       Plate armour      |       |       |    86 |   297 |   675 ||  1058
       Fire dragon armou |       |       |       |   168 |     4 ||   172
       Skin              |       |       |       |    24 |       ||    24
Dodge: Dodged            |    55 |    61 |    96 |   395 |   405 ||  1012
Block: Shield            |    82 |       |       |   976 |  1468 ||  2526
       Large shield      |       |   244 |   366 |    19 |       ||   629
